 Dungeon Crawl Stone Soup version 0.25-a0-869-g05d4e06a41 (webtiles) character file.

Game seed: 1062695689654219325, levelgen mode: deterministic

692360 mortelune the Crack Shot (level 27, -3/230 HPs)
             Began as a Centaur Hunter on Apr 30, 2020.
             Was the Champion of Okawaru.
             Slain by a shard shrike (16 damage)
             ... on level 3 of the Realm of Zot on May 1, 2020.
             The game lasted 04:43:41 (108907 turns).

mortelune the Crack Shot (Centaur Hunter)         Turns: 108907, Time: 04:43:41

Health: -3/230     AC: 44    Str: 30    XL:     27
Magic:  3/34       EV: 12    Int: 12    God:    Okawaru [******]
Gold:   5345       SH:  4    Dex: 11    Spells: 42/47 levels left

rFire    + + +     SeeInvis .   a - +9 longbow (freeze)
rCold    + + +     Gourm    .   (shield currently unavailable)
rNeg     + . .     Faith    .   t - +12 gold dragon scales
rPois    +         Spirit   .   m - -2 hat of the Alchemist {rElec rPois rF+ rC+ rN+ MR+ rMut rCorr}
rElec    +         Reflect  +   g - +4 dragonskin cloak
rCorr    +         Harm     .   p - +2 pair of gloves {archery}
rMut     +                      M - +1 centaur barding of the Valley {*Contam rCorr Str+7}
MR       +++..                  c - +4 amulet of reflection
Stlth    ..........             U - +4 ring of slaying
HPRegen  0.48/turn              L - +5 ring of evasion
MPRegen  0.24/turn

@: very quick
A: large, hooves 3, blink, clumsy 1, deformed body, speed 2, frail 1, low mp 1,
screaming 1, tough skin 3, subdued magic 1, MP-powered wands
}: 4/15 runes: decaying, slimy, silver, gossamer
a: Blink, Heroism, Finesse, Renounce Religion


You were on level 3 of the Realm of Zot.
You worshipped Okawaru.
Okawaru was exalted by your worship.
You were not hungry.

You visited 11 branches of the dungeon, and saw 55 of its levels.
You visited the Abyss 1 time.
You also visited: Trove, Sewer, Volcano and Wizlab.

You collected 12435 gold pieces.
You spent 7090 gold pieces at shops.

Inventory:

Hand Weapons
 a - a +9 longbow of freezing (weapon)
 b - the +5 lajatang of Earthquakes {speed, rPois rC+}
   (You bought it in a shop on level 12 of the Dungeon)

   Attacks with this weapon are significantly faster.
   It protects you from cold.
   It protects you from poison.
 d - a +6 vorpal longbow
 G - the +3 bardiche of Runaufu Qate {holy, +Fly rElec rPois}
   (You acquired it on level 4 of the Vaults)

   It has been blessed by the Shining One to cause great damage to the undead
   and demons.
   It insulates you from electricity.
   It protects you from poison.
   It lets you fly.
Missiles
 I - 1260 arrows (quivered)
Armour
 g - the +4 dragonskin cloak (worn)
   (You took it off Tiamat on level 5 of the Realm of Zot)
 m - the -2 hat of the Alchemist (worn) {rElec rPois rF+ rC+ rN+ MR+ rMut rCorr}
   (You found it in a wizard's laboratory)

   It protects you from fire.
   It protects you from cold.
   It insulates you from electricity.
   It protects you from poison.
   It protects you from negative energy.
   It affects your resistance to hostile enchantments.
   It provides partial protection from all sources of acid and corrosion.
   It protects you from mutation.
 p - a +2 pair of gloves of archery (worn)
 t - +12 gold dragon scales (worn)
 C - the quicksilver dragon scales of Recklessness {rC++ MR+}
   (You found it on level 3 of the Elven Halls)

   It greatly protects you from cold.
   It affects your resistance to hostile enchantments.
 M - the +1 centaur barding of the Valley (worn) {*Contam rCorr Str+7}
   (Okawaru gifted it to you on level 6 of the Lair of Beasts)

   It affects your strength (+7).
   It causes magical contamination when unequipped.
   It provides partial protection from all sources of acid and corrosion.
 N - the +0 cloak of the Amoeba {Str+4 Dex+10}
   (You found it on level 3 of the Elven Halls)

   It affects your strength (+4).
   It affects your dexterity (+10).
 V - the +6 ring mail "Wuotwoar" {rC++ rN+ Int+3}
   (You found it on level 2 of the Spider Nest)

   It affects your intelligence (+3).
   It greatly protects you from cold.
   It protects you from negative energy.
 Y - the +2 hat of the Bear Spirit {Spirit, +Rage rN+ MR++}
   (You found it in a treasure trove)

   It protects you from negative energy.
   It affects your resistance to hostile enchantments.
   It lets you go berserk.
Jewellery
 c - a +4 amulet of reflection (around neck)
 L - a +5 ring of evasion (right hand)
 O - the ring "Qyskaoq" {Wiz rN+}
   (You found it on level 7 of the Dungeon)

   [ring of wizardry]

   It improves your spell success rate.
   It protects you from negative energy.
 S - the ring "Juquosugy" {MR+ MP-9 Str+3 Int+6 SInv}
   (You took it off a deep elf death mage on level 3 of the Elven Halls)

   [ring of see invisible]

   It affects your strength (+3).
   It affects your intelligence (+6).
   It affects your resistance to hostile enchantments.
   It affects your magic capacity (-9).
   It lets you see invisible.
 U - a +4 ring of slaying (left hand)
Wands
 o - a wand of iceblast (22)
 z - a wand of polymorph (14)
 D - a wand of digging (12)
 F - a wand of paralysis (49)
 J - a wand of acid (44)
Scrolls
 e - 10 scrolls of fear
 f - 14 scrolls of fog
 h - 19 scrolls of remove curse
 i - 8 scrolls of identify
 r - a scroll of brand weapon
 s - 14 scrolls of teleportation
 A - 8 scrolls of magic mapping
 B - 11 scrolls of blinking
 K - 2 scrolls of holy word
 P - a scroll of silence
 Q - 2 scrolls of enchant weapon
 W - 6 scrolls of immolation
 X - 10 scrolls of summoning
Potions
 j - 24 potions of curing
 l - 8 potions of brilliance
 n - a potion of invisibility
 q - 6 potions of haste
 u - 4 potions of flight
 v - 6 potions of might
 w - 9 potions of berserk rage
 x - 16 potions of mutation
 y - 4 potions of resistance
 H - 8 potions of heal wounds
 T - 5 potions of cancellation
 Z - a potion of magic
Miscellaneous
 R - 6 phantom mirrors
Comestibles
 k - 72 rations


   Skills:
 + Level 22.6 Fighting
 - Level 14.0(17.1) Polearms
 - Level 16.6(18.3) Staves
 + Level 25.7 Bows
 + Level 15.0 Armour
 - Level 12.2 Dodging
 - Level 0.4 Stealth
 - Level 10.8 Spellcasting
 + Level 15.3 Translocations
 - Level 8.0 Invocations
 - Level 14.0 Evocations


You had 42 spell levels left.
You knew the following spells:

 Your Spells              Type           Power        Failure   Level  Hunger
a - Shroud of Golubria    Chrm/Tloc      ###...       10%         2    None
b - Portal Projectile     Hex/Tloc       ###...       19%         3    #......

Your spell library contained the following spells:

 Spells                   Type           Power        Failure   Level  Hunger
 Apportation              Tloc           ####..       1%          1    None
 Blink                    Tloc           N/A          1%          2    None
 Gell's Gravitas          Tloc           ####......   1%          3    #......
 Lesser Beckoning         Tloc           ####......   1%          3    #......
 Teleport Other           Tloc           ####....     1%          3    #......
 Passage of Golubria      Tloc           N/A          2%          4    ###....
 Dispersal                Tloc           ####......   41%         6    ######.
 Iskenderun's Mystic Bla  Conj/Tloc      ###.....     54%         4    ###....
 Animate Skeleton         Necr           N/A          85%         1    None
 Beastly Appendage        Tmut           #.....       85%         1    None
 Corona                   Hex            #......      85%         1    None
 Foxfire                  Conj/Fire      #...         85%         1    None
 Infusion                 Chrm           #...         85%         1    None
 Pain                     Necr           #...         85%         1    None
 Sandblast                Erth           #.....       85%         1    None
 Shock                    Conj/Air       #...         85%         1    None
 Sting                    Tmut/Pois      #...         85%         1    None
 Summon Butterflies       Summ           #.......     85%         1    None
 Summon Small Mammal      Summ           #...         85%         1    None
 Summon Forest            Summ/Tloc      ###.......   89%         5    #####..
 Call Imp                 Summ           #.......     94%         2    None
 Corpse Rot               Necr/Air       N/A          94%         2    None
 Ensorcelled Hibernation  Hex/Ice        #.....       94%         2    None
 Passwall                 Tmut/Erth      #.......     94%         2    None
 Poisonous Vapours        Pois/Air       #.....       94%         2    None
 Slow                     Hex            #.......     94%         2    None
 Song of Slaying          Chrm           #.......     94%         2    None
 Sticks to Snakes         Tmut           #.......     94%         2    None
 Sublimation of Blood     Necr           #.........   94%         2    None
 Swiftness                Chrm/Air       #.......     94%         2    None
 Call Canine Familiar     Summ           #.......     99%         3    #......
 Confusing Touch          Hex            #.......     99%         3    #......
 Conjure Flame            Conj/Fire      #.......     99%         3    #......
 Dazzling Flash           Conj/Hex       #.....       99%         3    #......
 Ignite Poison            Fire/Tmut/Pois #.......     99%         3    #......
 Inner Flame              Hex/Fire       #.......     99%         3    #......
 Mephitic Cloud           Conj/Pois/Air  #.......     99%         3    #......
 Ozocubu's Armour         Chrm/Ice       #.......     99%         3    #......
 Spectral Weapon          Hex/Chrm       #.......     99%         3    #......
 Spider Form              Tmut/Pois      #.........   99%         3    #......
 Static Discharge         Conj/Air       #.......     99%         3    #......
 Stone Arrow              Conj/Erth      #.....       99%         3    #......
 Summon Guardian Golem    Hex/Summ       #.......     99%         3    #......
 Tukima's Dance           Hex            #.......     99%         3    #......
 Vampiric Draining        Necr           #.........   99%         3    #......
 Airstrike                Air            #.........   100%        4    ###....
 Animate Dead             Necr           N/A          100%        4    ###....
 Cause Fear               Hex            #.........   100%        4    ###....
 Dispel Undead            Necr           #.......     100%        4    ###....
 Fulminant Prism          Conj/Hex       #.........   100%        4    ###....
 Hailstorm                Conj/Ice       #.......     100%        4    ###....
 Ice Form                 Ice/Tmut       #.......     100%        4    ###....
 Leda's Liquefaction      Hex/Erth       #.........   100%        4    ###....
 Petrify                  Tmut/Erth      #.......     100%        4    ###....
 Sticky Flame             Conj/Fire      #.......     100%        4    ###....
 Summon Ice Beast         Ice/Summ       #.......     100%        4    ###....
 Summon Lightning Spire   Summ/Air       #.......     100%        4    ###....
 Agony                    Necr           #.......     100%        5    #####..
 Alistair's Intoxication  Tmut/Pois      #.......     100%        5    #####..
 Blade Hands              Tmut           #.........   100%        5    #####..
 Bolt of Magma            Conj/Fire/Erth #.........   100%        5    #####..
 Excruciating Wounds      Chrm/Necr      #.........   100%        5    #####..
 Fireball                 Conj/Fire      #.........   100%        5    #####..
 Irradiate                Conj/Tmut      #.........   100%        5    #####..
 Iskenderun's Battlesphe  Conj/Chrm      #.......     100%        5    #####..
 Lee's Rapid Deconstruct  Erth           #.........   100%        5    #####..
 Lightning Bolt           Conj/Air       #.........   100%        5    #####..
 Silence                  Hex/Air        #.........   100%        5    #####..
 Summon Mana Viper        Hex/Summ       #.......     100%        5    #####..
 Yara's Violent Unravell  Hex/Tmut       #.........   100%        5    #####..
 Conjure Ball Lightning   Conj/Air       #.........   100%        6    ######.
 Darkness                 Hex            #.........   100%        6    ######.
 Death Channel            Necr           #.........   100%        6    ######.
 Eringya's Noxious Bog    Tmut/Pois      #.........   100%        6    ######.
 Freezing Cloud           Conj/Ice/Air   #.........   100%        6    ######.
 Hydra Form               Tmut           #.........   100%        6    ######.
 Invisibility             Hex            #.......     100%        6    ######.
 Iron Shot                Conj/Erth      #.........   100%        6    ######.
 Starburst                Conj/Fire      #.........   100%        6    ######.
 Statue Form              Tmut/Erth      #........    100%        6    ######.
 Dragon Form              Tmut           #.........   100%        7    #######
 Malign Gateway           Summ/Tloc      ###.......   100%        7    #######
 Monstrous Menagerie      Summ           #.........   100%        7    #######
 Orb of Destruction       Conj           #.........   100%        7    #######
 Ring of Flames           Chrm/Fire      #.........   100%        7    #######
 Spellforged Servitor     Conj/Summ      #.........   100%        7    #######
 Summon Greater Demon     Summ           #.........   100%        7    #######
 Summon Hydra             Summ           #.........   100%        7    #######
 Chain Lightning          Conj/Air       #.........   100%        8    #######
 Controlled Blink         Tloc           N/A          100%        8    #######
 Discord                  Hex            #.........   100%        8    #######
 Disjunction              Tloc           ####......   100%        8    #######
 Ignition                 Fire           #.........   100%        8    #######
 Lehudib's Crystal Spear  Conj/Erth      #.........   100%        8    #######
 Summon Horrible Things   Summ           #.........   100%        8    #######
 Absolute Zero            Ice            #.........   100%        9    #######
 Dragon's Call            Summ           #.........   100%        9    #######
 Fire Storm               Conj/Fire      #.........   100%        9    #######
 Shatter                  Erth           #.........   100%        9    #######
 Tornado                  Air            #.........   100%        9    #######


Dungeon Overview and Level Annotations

Branches:
Dungeon (15/15)            Temple (1/1) D:4            Lair (6/6) D:8
  Swamp (4/4) Lair:2       Spider (4/4) Lair:4        Slime (5/5) Lair:5
    Orc (2/2) D:11            Elf (3/3) Orc:2        Vaults (5/5) D:13
  Crypt (0/3) Vaults:2     Depths (5/5) D:15            Zot (5/5) Depths:5
  Sewer (visited)         Volcano (visited)          WizLab (visited)

Altars:
Ashenzari
Cheibriados
Dithmenos
Elyvilon
Fedhas
Gozag
Hepliaklqana
Kikubaaqudgha
Makhleb
Nemelex Xobeh
Okawaru
Qazlal
Ru
Sif Muna
Trog
Uskayaw
Vehumet
Wu Jian
Xom
Yredelemnul
Zin
The Shining One
Beogh

Shops:
D:4 (*=(%   D:12 (   D:15 (   Orc:2 *[:(   Vaults:4 :   Depths:1 ::}
Depths:2 **?   Depths:3 (   Depths:4 ?

Portals:
Hell: Depths:1 Depths:2 Depths:3 Depths:4 Depths:5
Abyss: Depths:1 Depths:2 Depths:4
Pandemonium: Depths:3
Ziggurat: Depths:3

Annotations:
Zot:3 Cej Huinwo's ghost, master VSFi


Innate Abilities, Weirdness & Mutations

You have hooves in place of feet.
Armour fits poorly on your strangely shaped body.
You cover ground very quickly.
You have extremely tough skin. (AC +3)
You can translocate small distances at will.
You are clumsy. (Dex -2)
You are frail. (-10% HP)
Your magical capacity is low. (-10% MP)
You occasionally shout uncontrollably at your foes.
Your spells are a little easier to cast, but a little less powerful.
You expend magic power (3 MP) to strengthen your wands.


Message History

You hear a deafening roar!
The shard shrike screeches!
The shard shrike closely misses you.
You hear a screech! x2
The shard shrike screeches!
The shard shrike claws you but does no damage.
You hear a deafening roar!
The shard shrike screeches!
The shard shrike claws you.
* * * LOW HITPOINT WARNING * * *
The shard shrike freezes you! You resist.
* * * LOW HITPOINT WARNING * * *
The shard shrike claws you!
* * * LOW HITPOINT WARNING * * *
The shard shrike freezes you!! You resist.
* * * LOW HITPOINT WARNING * * *
The shard shrike claws you!
* * * LOW HITPOINT WARNING * * *
The shard shrike freezes you! You resist.
You die...

.###..#.##.#...#©."?#©...........
..#..##.##.#.#...#.D#............
#.##.##.##.##.#....y##.......[...
#..[###.....#..[#.#[.#[..........
##.## #.....#...#.#..#...........
#..# #.....#.......##........)..
##.## #.....###...###..####'###..
#.#.###.......#####)........# #.)
#.#..##........b@........######..
.###.....####.###....[....#......
.#.##.#.......# #.#......#####.##
#.###.#..########.#.........#....
..}###..).........#####.....#..##
..#.###..####...............#..#
#######..# #.#########.....#..#
#........# #.#.....#.......#..#
########## #.....#.#.#.....#..#


You could see a shard shrike (berserk).

Vanquished Creatures
  the Royal Jelly (Slime:5)
  Tiamat (Zot:5)
  4 orbs of fire
  5 ancient liches
  Sojobo (Vaults:2)
  4 Killer Klowns (Zot:5)
  Frederick (Vaults:2)
  Xtahua (Vaults:4)
  A caustic shrike (Depths:4)
  3 curse toes
  16 golden dragons
  Nikola (Depths:2)
  A mutant beast (WizLab)
  3 bone dragons
  2 electric golems (Zot:5)
  7 liches
  25 Orb Guardians
  11 tentacled monstrosities
  8 quicksilver dragons
  2 deep elf blademasters (Elf:3)
  5 titans
  A quicksilver dragon (shapeshifter) (WizLab)
  3 deep elf master archers (Elf:3)
  17 acid blobs
  7 sphinxes
  7 death cobs
  2 tentacled starspawn (Abyss:3)
  11 shadow dragons
  Kirke (D:15)
  2 thorn hunters
  6 tengu reavers
  11 draconian monks
  15 storm dragons
  Donald (Spider:4)
  11 frost giants
  The ghost of Ryrchisey the Tortoise, a journeyman MiMo of Qazlal (Spider:2)
  9 azure jellies
  A ghost moth (shapeshifter) (WizLab)
  The ghost of Lymofoloam the Severer, a journeyman DDFi of Makhleb (D:15)
  6 draconian knights
  6 fire giants
  18 vault wardens
  8 ghost moths
  9 deep elf sorcerers
  3 orc warlords
  8 emperor scorpions
  3 draconian stormcallers
  Louise (Elf:2)
  4 deep elf elementalists (Elf:3)
  8 draconian shifters
  7 draconian annihilators
  10 draconian scorchers
  A caustic shrike skeleton (Depths:1)
  23 stone giants
  15 ironheart preservers
  A juggernaut skeleton (Depths:4)
  4 entropy weavers
  3 war gargoyles (Vaults:5)
  18 very ugly things
  2 vampire knights
  9 deep elf annihilators
  12 purple draconians
  17 black draconians
  18 green draconians
  16 yellow draconians
  6 spark wasps
  2 deep elf demonologists (Elf:3)
  13 white draconians
  18 red draconians
  5 deep elf death magi
  9 death oozes (Slime:5)
  18 ettins
  3 deep elf high priests
  Josephine (D:11)
  17 yaktaur captains
  A fire dragon (shapeshifter) (Vaults:3)
  11 fire dragons
  14 great orbs of eyes
  18 ice dragons
  A quicksilver dragon skeleton (Vaults:5)
  7 hydras
  7 rakshasas
  32 vault guards
  A ghost crab (Swamp:3)
  A spriggan air mage (Depths:3)
  A caustic shrike simulacrum (Depths:1)
  A hell beast (Depths:3)
  A catoblepas (D:14)
  15 centaur warriors
  2 shambling mangroves (Swamp:3)
  8 alligators
  32 two-headed ogres
  23 dancing weapons
  5 vampire magi
  7 death yaks
  9 ogre magi
  A queen ant (Spider:4)
  12 deep troll shamans
  8 deep troll earth magi
  2 spriggan berserkers
  Sonja (Lair:3)
  2 thrashing horrors (Abyss:3)
  3 orc high priests
  A storm dragon zombie (Depths:1)
  24 deep elf knights
  A sun demon (Abyss:3)
  A spectral spark wasp (Spider:2)
  A titan skeleton (Depths:2)
  An iron golem (WizLab)
  4 hell knights
  5 iron trolls
  A salamander mystic (Depths:3)
  2 shadow wraiths
  3 flayed ghosts
  5 unseen horrors
  6 swamp dragons
  33 deep trolls
  4 glowing orange brains
  A swamp dragon (shapeshifter) (Vaults:1)
  A shadow dragon zombie (Vaults:5)
  15 necromancers
  13 harpies
  13 wizards
  13 ironbrand convokers
  3 phantasmal warriors (Vaults:5)
  2 spriggan druids
  9 deep elf archers
  21 orc knights
  4 harpies (shapeshifter)
  A glowing shapeshifter (Vaults:5)
  A fire giant zombie (Depths:2)
  15 orb spiders
  73 ugly things
  38 wolf spiders
  2 manticores (shapeshifter) (WizLab)
  6 shining eyes
  8 orc sorcerers
  4 oklob plants (Lair:6)
  A frost giant zombie (Depths:2)
  4 elephants
  A cyclops (D:14)
  74 deep elf magi
  A salamander (shapeshifter) (WizLab)
  2 frost giant skeletons
  12 moths of wrath
  7 manticores
  3 salamanders (Depths:3)
  A rust devil (Abyss:3)
  A fire giant skeleton (Depths:1)
  A black mamba (shapeshifter) (WizLab)
  3 guardian serpents (shapeshifter)
  A centaur zombie (D:15)
  2 black mambas
  2 guardian serpents (Depths:2)
  15 vault sentinels
  A smoke demon (Volcano)
  An eye of devastation (Slime:3)
  A titan simulacrum (Depths:4)
  20 spiny frogs
  Maurice (D:8)
  2 molten gargoyles (Volcano)
  Psyche (D:10)
  3 torpor snails
  A human zombie (Vaults:4)
  A rime drake (shapeshifter) (WizLab)
  Maggie (D:6)
  A yaktaur zombie (Vaults:4)
  47 yaktaurs
  19 demonic crawlers
  A komodo dragon (shapeshifter) (WizLab)
  9 komodo dragons
  6 freezing wraiths
  2 yaktaurs (shapeshifter)
  A kobold demonologist (D:15)
  2 yaktaur skeletons (Vaults:5)
  2 tengu conjurers (Depths:3)
  2 ice devils
  A red devil (Depths:3)
  7 polar bears
  A harpy zombie (D:13)
  11 trolls
  4 queen bees (shapeshifter) (WizLab)
  27 jumping spiders
  2 spectral jumping spiders (Spider:2)
  7 tyrant leeches
  34 hornets
  7 bog bodies
  A slime creature (shapeshifter) (WizLab)
  3 raiju
  An ettin zombie (Depths:1)
  A human simulacrum (Vaults:1)
  94 slime creatures
  A dream sheep (shapeshifter) (WizLab)
  8 blink frogs
  8 dream sheep (Lair:6)
  8 hippogriffs
  A centaur simulacrum (D:14)
  10 flying skulls (Abyss:3)
  43 tarantellas
  A tarantella (shapeshifter) (WizLab)
  82 redbacks
  6 water elementals
  15 spriggans
  2 air elementals
  2 wyverns
  20 large abominations
  49 yaks
  3 shadows
  A basilisk (shapeshifter) (Depths:3)
  9 wraiths
  A spriggan (shapeshifter) (WizLab)
  7 basilisks
  4 golden eyes
  4 swamp worm simulacra (Swamp:4)
  A neqoxec (Abyss:3)
  14 small abominations
  3 fire elementals
  A golden eye (shapeshifter) (D:14)
  3 hogs (shapeshifter)
  3 chaos spawn
  7 fire bats (Volcano)
  2 redback simulacra (Spider:2)
  A human (shapeshifter) (WizLab)
  4 hogs
  22 vampire mosquitoes
  3 hungry ghosts
  12 swamp worms
  9 wargs
  Edmund (D:3)
  A deep troll zombie (Vaults:4)
  An insubstantial wisp (Elf:2)
  16 hydra simulacra (Swamp:4)
  24 soldier ants (Spider:4)
  A spectral orb spider (Spider:2)
  6 floating eyes
  A floating eye (shapeshifter) (Elf:2)
  A moth of wrath simulacrum (Spider:2)
  7 porcupines
  5 water moccasins
  A spectral hornet (Spider:2)
  A hell hound (Volcano)
  Duvessa (D:5)
  2 black bears
  60 orc warriors
  8 swamp drakes
  9 sky beasts
  A tarantella simulacrum (Spider:2)
  A black bear (shapeshifter) (WizLab)
  3 phantoms
  6 ice beasts
  5 eyes of draining
  A spriggan simulacrum (Depths:2)
  2 necrophages
  A tengu (shapeshifter) (Depths:5)
  An eye of draining (shapeshifter) (WizLab)
  28 ogres
  35 wolves
  7 boggarts
  12 centaurs
  18 crocodiles
  A crocodile (shapeshifter) (Vaults:2)
  17 bullfrogs
  5 elf zombies
  3 earth elementals (Elf:3)
  An orb spider simulacrum (Spider:2)
  A wyvern skeleton (D:11)
  9 scorpions
  A scorpion (shapeshifter) (Vaults:5)
  A water moccasin skeleton (D:4)
  Dowan (D:6)
  A hornet simulacrum (Spider:2)
  6 howler monkeys
  A vampire bat (Elf:2)
  19 wights
  2 electric eels
  6 lava snakes (Volcano)
  12 crimson imps
  3 quasits
  2 bullfrog zombies
  8 hounds
  2 jellies
  5 centaur skeletons
  29 orc wizards
  Crazy Yiuf (D:3)
  20 orc priests
  3 bullfrog skeletons
  Terence (D:3)
  9 iguanas
  An iron imp (Depths:5)
  A merfolk siren (Sewer)
  31 worker ants
  A merfolk avatar (Sewer)
  4 hound zombies
  2 hound skeletons
  Robin (D:3)
  A worker ant zombie (D:5)
  2 howler monkey zombies
  10 gnolls
  13 adders
  4 river rats
  5 shadow imps
  2 white imps (Abyss:3)
  An ufetubus (Abyss:3)
  An ooze (D:4)
  4 swamp drake simulacra (Swamp:4)
  An adder skeleton (D:5)
  2 adder zombies
  4 worms
  3 dart slugs
  23 leopard geckos
  133 orcs
  2 bats
  6 giant cockroaches
  16 goblins
  8 hobgoblins
  23 jackals
  8 kobolds
  7 quokkas
  6 ball pythons
  12 frilled lizards
  A leopard gecko skeleton (D:4)
  22 rats
  3 starspawn tentacles (Abyss:3)
2721 creatures vanquished.

Vanquished Creatures (others)
  2 draconian knights
  A spriggan defender (Depths:4)
  An ironheart preserver (Vaults:1)
  A worldbinder (Abyss:3)
  A spiny frog (Swamp:3)
  A yaktaur (Vaults:2)
  A hornet (Swamp:3)
  2 spriggans (Swamp:3)
  A swamp drake (Swamp:4)
  A boggart (Vaults:2)
  A hound skeleton (D:9)
  A frilled lizard (Lair:2)
  10 fungi
  16 plants
  A starspawn tentacle (Abyss:3)
41 creatures vanquished.

Grand Total: 2762 creatures vanquished

Notes
Turn   | Place    | Note
-------+----------+-------------------------------------------
     0 | D:1      | mortelune the Centaur Hunter began the quest for the Orb.
     0 | D:1      | Reached XP level 1. HP: 17/17 MP: 1/1
   168 | D:1      | Reached XP level 2. HP: 25/25 MP: 2/2
   673 | D:1      | Reached skill level 6 in Bows
   731 | D:2      | Reached XP level 3. HP: 22/30 MP: 3/3
  1515 | D:3      | Reached XP level 4. HP: 33/38 MP: 4/4
  1645 | D:3      | Found a glowing drain.
  1679 | Sewer    | Entered a sewer
  1916 | Sewer    | Reached skill level 1 in Polearms
  2124 | Sewer    | Reached XP level 5. HP: 46/46 MP: 5/5
  2385 | Sewer    | Reached skill level 7 in Bows
  3133 | D:3      | Found a runed translucent door.
  3134 | D:3      | Noticed Crazy Yiuf
  3200 | D:3      | Noticed Robin
  3627 | D:3      | Reached XP level 6. HP: 52/52 MP: 6/6
  3778 | D:3      | Killed Robin
  3923 | D:3      | Noticed Terence
  3931 | D:3      | Killed Terence
  4213 | D:3      | Killed Crazy Yiuf
  4558 | D:4      | Found a staircase to the Ecumenical Temple.
  4567 | Temple   | Entered the Ecumenical Temple
  4676 | D:4      | Found Beruxteeqo's Jewellery Shoppe.
  4862 | D:4      | Found Empuy's General Store.
  4871 | D:4      | Reached XP level 7. HP: 60/60 MP: 7/7
  5135 | D:4      | Found Neprok's Food Boutique.
  5483 | D:4      | Found Ovuloy's Antique Weapon Shoppe.
  5542 | D:4      | Found Qygg's Weapon Shop.
  5582 | D:4      | Found an iron altar of Okawaru.
  5582 | D:4      | Found a bloodstained altar of Trog.
  5597 | D:4      | Became a worshipper of Warmaster Okawaru
  5677 | D:4      | Noticed Edmund
  5740 | D:3      | Killed Edmund
  5740 | D:3      | Reached skill level 5 in Fighting
  5740 | D:3      | Reached skill level 8 in Bows
  6012 | D:4      | Bought a scroll of blinking for 97 gold pieces
  6196 | D:5      | Entered Level 5 of the Dungeon
  6204 | D:5      | Got a polished scimitar
  6205 | D:5      | Identified the +7 scimitar of the Exiled Cities {flame,
                  | +Fly} (You found it on level 5 of the Dungeon)
  6313 | D:5      | Got a vibrating pewter amulet
  6314 | D:5      | Identified the amulet "Ogirytut" {Inacc Int+5} (You found
                  | it on level 5 of the Dungeon)
  6644 | D:5      | Reached skill level 5 in Polearms
  6827 | D:5      | Reached XP level 8. HP: 29/69 MP: 8/8
  7177 | D:5      | Reached * piety under Okawaru
  7524 | D:5      | Reached skill level 9 in Bows
  7872 | D:6      | Noticed a +0 hand axe
  7872 | D:6      | Noticed a +0 dagger
  8705 | D:6      | Noticed Dowan
  8707 | D:6      | Noticed Duvessa
  8712 | D:6      | Killed Dowan
  8928 | D:5      | Killed Duvessa
  9068 | D:6      | Found a hide-covered altar of Uskayaw.
  9068 | D:6      | Noticed Maggie
  9084 | D:6      | Killed Maggie
  9084 | D:6      | Reached ** piety under Okawaru
  9084 | D:6      | Reached skill level 1 in Armour
  9084 | D:6      | Reached XP level 9. HP: 49/78 MP: 6/9
  9578 | D:7      | Got a warped silver ring
  9917 | D:7      | Reached skill level 10 in Bows
 10344 | D:7      | Reached *** piety under Okawaru
 10782 | D:8      | Noticed Maurice
 11112 | D:8      | Killed Maurice
 11151 | D:8      | Identified the ring "Qyskaoq" {Wiz rN+} (You found it on
                  | level 7 of the Dungeon)
 11213 | D:8      | Found a staircase to the Lair.
 11561 | D:8      | Reached XP level 10. HP: 49/86 MP: 10/10
 12583 | D:8      | Reached skill level 11 in Bows
 12761 | D:9      | Reached **** piety under Okawaru
 13024 | D:9      | Found a glowing golden altar of the Shining One.
 13603 | D:9      | Noticed a manticore
 13613 | D:9      | Killed a manticore
 15190 | D:10     | Entered Level 10 of the Dungeon
 15259 | D:10     | Received a gift from Okawaru
 15736 | D:10     | Noticed Psyche
 15749 | D:10     | Killed Psyche
 15749 | D:10     | Reached ***** piety under Okawaru
 15749 | D:10     | Received a gift from Okawaru
 15749 | D:10     | Reached XP level 11. HP: 95/95 MP: 8/11
 15892 | D:10     | Reached skill level 10 in Polearms
 16110 | D:11     | Found a portal to a secret trove of treasure.
 16282 | D:11     | Noticed Josephine
 16304 | D:11     | Killed Josephine
 16316 | D:10     | Reached skill level 12 in Bows
 16656 | D:11     | Noticed a red ugly thing
 16802 | D:10     | Killed a red ugly thing
 17680 | D:11     | Noticed a two-headed ogre
 17713 | D:11     | Killed a two-headed ogre
 17893 | D:11     | Reached skill level 1 in Spellcasting
 18225 | D:11     | Found a staircase to the Orcish Mines.
 18520 | D:11     | Received a gift from Okawaru
 18883 | Lair:1   | Entered Level 1 of the Lair of Beasts
 18952 | Lair:1   | Found a basalt altar of Yredelemnul.
 20172 | Lair:2   | Found a staircase to the Swamp.
 20258 | Lair:2   | Found a dark tunnel.
 20286 | Lair:2   | HP: 2/97 [polar bear (20)]
 20290 | Lair:2   | Reached skill level 1 in Invocations
 20301 | Lair:2   | HP: 4/97 [poisoned by a spiny frog]
 20308 | Lair:2   | HP: 4/97 [poisoned by a spiny frog]
 20313 | Lair:2   | HP: 4/97 [poisoned by a spiny frog]
 20454 | Volcano  | Entered a volcano
 21520 | Volcano  | Noticed a red ugly thing
 21530 | Volcano  | Killed a red ugly thing
 21530 | Volcano  | Reached XP level 12. HP: 52/105 MP: 6/14
 21736 | Volcano  | Found a burning altar of Makhleb.
 21756 | Volcano  | Received a gift from Okawaru
 22357 | Volcano  | Reached skill level 13 in Bows
 22777 | Volcano  | Received a gift from Okawaru
 24034 | Lair:2   | Reached skill level 10 in Fighting
 24100 | Lair:2   | Reached skill level 5 in Invocations
 24102 | Lair:2   | Received a gift from Okawaru
 24800 | Lair:2   | Received a gift from Okawaru
 25697 | Lair:3   | Noticed Sonja
 25925 | Lair:3   | Killed Sonja
 26408 | Lair:3   | Received a gift from Okawaru
 26553 | Lair:3   | Noticed a five-headed hydra
 27297 | Lair:3   | Received a gift from Okawaru
 27413 | Lair:3   | Killed a five-headed hydra
 28030 | Lair:4   | Noticed a death yak
 28030 | Lair:4   | Noticed a death yak
 28030 | Lair:4   | Noticed a death yak
 28032 | Lair:4   | Noticed a death yak
 28032 | Lair:4   | Noticed a death yak
 28038 | Lair:4   | Noticed a death yak
 28054 | Lair:3   | Killed a death yak
 28054 | Lair:3   | Received a gift from Okawaru
 28121 | Lair:4   | Noticed a seven-headed hydra
 28140 | Lair:4   | Killed a seven-headed hydra
 28140 | Lair:4   | Reached XP level 13. HP: 82/114 MP: 16/18
 28283 | Lair:4   | Received a gift from Okawaru
 28467 | Lair:4   | Received a gift from Okawaru
 28668 | Lair:4   | Found a hole to the Spider Nest.
 28966 | Lair:3   | Reached skill level 14 in Bows
 30843 | Lair:5   | Found a staircase to the Slime Pits.
 31229 | Lair:6   | Entered Level 6 of the Lair of Beasts
 31857 | Lair:6   | Received a gift from Okawaru
 31860 | Lair:6   | Got a fine centaur barding {god gift}
 31866 | Lair:6   | Identified the +1 centaur barding of the Valley {*Contam
                  | rCorr Str+7} (Okawaru gifted it to you on level 6 of the
                  | Lair of Beasts)
 31984 | Lair:6   | Found the +5 robe of Night {Dark MR+ SInv}
 33903 | Lair:5   | Reached skill level 15 in Bows
 34205 | Lair:6   | Reached XP level 14. HP: 124/124 MP: 20/20
 34209 | Lair:6   | Paralysed by a hornet for 1 turns
 34250 | Lair:6   | Paralysed by a hornet for 3 turns
 34255 | Lair:6   | Paralysed by a hornet for 3 turns
 35033 | Lair:6   | Received a gift from Okawaru
 35407 | Lair:6   | Received a gift from Okawaru
 35597 | Lair:6   | Paralysed by a hornet for 3 turns
 36245 | Lair:6   | Received a gift from Okawaru
 36410 | Lair:2   | Reached skill level 16 in Bows
 36568 | D:4      | Bought a +4 ring of slaying for 1092 gold pieces
 36568 | D:4      | Bought a +4 amulet of reflection for 378 gold pieces
 37297 | D:12     | Noticed a sphinx
 37319 | D:12     | Killed a sphinx
 37502 | D:12     | Reached skill level 5 in Armour
 37502 | D:12     | Reached skill level 1 in Evocations
 37796 | D:12     | Received a gift from Okawaru
 38060 | D:12     | Found Jephuryn's Antique Weapon Shoppe.
 38487 | Orc:1    | Entered Level 1 of the Orcish Mines
 39020 | Orc:1    | Received a gift from Okawaru
 39151 | Orc:1    | Reached ****** piety under Okawaru
 39630 | Orc:2    | Entered Level 2 of the Orcish Mines
 39630 | Orc:2    | Found Fopoqimm's Antique Armour Shoppe.
 40094 | Orc:2    | Reached skill level 17 in Bows
 40426 | Orc:2    | Paralysed by an orc sorcerer for 4 turns
 40458 | Orc:2    | Found Dezewaawue's Antique Weapon Shoppe.
 40816 | Orc:2    | Noticed an orc warlord
 40828 | Orc:2    | Killed an orc warlord
 40857 | Orc:2    | Reached XP level 15. HP: 110/135 MP: 21/21
 41020 | Orc:2    | Found Mofiugae's General Store.
 41134 | Orc:2    | Found Giphoodal's Book Shop.
 41314 | Orc:2    | Found a staircase to the Elven Halls.
 41715 | Orc:2    | Bought a spiked scale mail for 252 gold pieces
 41715 | Orc:2    | Bought a polished chain mail for 266 gold pieces
 41715 | Orc:2    | Bought an embroidered hat for 196 gold pieces
 41737 | Orc:2    | Identified the +1 scale mail of the Furrier {rC+ Str+2}
                  | (You bought it in a shop on level 2 of the Orcish Mines)
 41790 | Orc:2    | Identified the +7 chain mail "Lawkirph" {-Cast rF+++ Dex+4}
                  | (You bought it in a shop on level 2 of the Orcish Mines)
 41998 | D:13     | Found a gate to the Vaults.
 42912 | D:14     | Got an iridescent great mace
 42913 | D:14     | Identified the +9 great mace of the Mind {venom, Dex+2}
                  | (You found it on level 14 of the Dungeon)
 43082 | D:14     | Received a gift from Okawaru
 43452 | D:14     | Identified the +8 war axe of the Lettuce {pain, rN+ Dex+2
                  | Stlth+} (You found it on level 14 of the Dungeon)
 43460 | D:15     | Entered Level 15 of the Dungeon
 43614 | D:15     | Found a runed translucent door.
 43696 | D:15     | Found Gahae's Weapon Shop.
 43822 | D:15     | Noticed a fire giant
 43830 | D:15     | Killed a fire giant
 43830 | D:15     | Received a gift from Okawaru
 43830 | D:15     | Reached skill level 18 in Bows
 43910 | D:15     | Noticed Kirke
 43912 | D:15     | Noticed a sphinx
 43916 | D:15     | Paralysed by a sphinx for 6 turns
 43923 | D:15     | Killed Kirke
 44309 | D:15     | Found a staircase to the Depths.
 44378 | D:15     | Found a shimmering altar of Xom.
 44468 | D:15     | Reached skill level 5 in Evocations
 45503 | D:15     | Noticed Lymofoloam's ghost (journeyman DDFi)
 45546 | D:15     | Killed Lymofoloam's ghost
 45803 | D:4      | Bought a +5 ring of evasion for 770 gold pieces
 45939 | Swamp:1  | Entered Level 1 of the Swamp
 46361 | Orc:2    | Gained mutation: You are clumsy. (Dex -2) [mutagenic glow]
 46391 | Orc:2    | Lost mutation: You are clumsy. (Dex -2) [potion of
                  | mutation]
 46391 | Orc:2    | Gained mutation: You have sharp fingernails. [potion of
                  | mutation]
 46391 | Orc:2    | Gained mutation: Your mind is acute. (Int +2) [potion of
                  | mutation]
 46392 | Orc:2    | Lost mutation: Your mind is acute. (Int +2) [potion of
                  | mutation]
 46392 | Orc:2    | Gained mutation: You are robust. (+10% HP) [potion of
                  | mutation]
 46392 | Orc:2    | Gained mutation: Your flesh is heat resistant. (rF+)
                  | [potion of mutation]
 46918 | Swamp:1  | Noticed a thorn hunter
 46925 | Swamp:1  | Killed a thorn hunter
 47473 | Swamp:1  | Reached skill level 19 in Bows
 48098 | Swamp:1  | Paralysed by a hornet for 1 turns
 48100 | Swamp:1  | Reached XP level 16. HP: 54/159 MP: 22/22
 48100 | Swamp:1  | Received a gift from Okawaru
 49432 | Swamp:3  | Received a gift from Okawaru
 50463 | Swamp:3  | Received a gift from Okawaru
 51297 | Swamp:4  | Entered Level 4 of the Swamp
 51303 | Swamp:4  | Paralysed by a hornet for 3 turns
 51315 | Swamp:3  | Paralysed by a hornet for 1 turns
 51906 | Swamp:4  | Noticed a thorn hunter
 51912 | Swamp:4  | Killed a thorn hunter
 52658 | Swamp:4  | Reached skill level 20 in Bows
 52740 | Swamp:4  | Got a decaying rune of Zot
 53127 | D:12     | Bought an iridescent lajatang for 400 gold pieces
 53127 | D:12     | Identified the +5 lajatang of Earthquakes {speed, rPois
                  | rC+} (You bought it in a shop on level 12 of the Dungeon)
 53315 | Spider:1 | Entered Level 1 of the Spider Nest
 53459 | Spider:1 | Reached skill level 1 in Staves
 53575 | Spider:1 | Received a gift from Okawaru
 55153 | Spider:1 | Received a gift from Okawaru
 55155 | Spider:1 | Reached XP level 17. HP: 65/169 MP: 15/23
 55450 | Spider:1 | Got an ichor-stained centaur barding {god gift}
 55849 | Spider:2 | Found a runed translucent gate.
 55849 | Spider:2 | Found a runed translucent gate.
 55849 | Spider:2 | Found a runed translucent gate.
 55851 | Spider:2 | Noticed Ryrchisey's ghost (journeyman MiMo)
 56975 | Spider:2 | Killed Ryrchisey's ghost
 56994 | Spider:2 | Reached skill level 5 in Staves
 57297 | Spider:2 | Got a transparent ring mail
 57308 | Spider:2 | Identified the +6 ring mail "Wuotwoar" {rC++ rN+ Int+3}
                  | (You found it on level 2 of the Spider Nest)
 57508 | Spider:3 | Reached skill level 15 in Fighting
 58575 | Spider:4 | Entered Level 4 of the Spider Nest
 58579 | Spider:4 | Noticed Donald
 58910 | Spider:4 | Received a gift from Okawaru
 59065 | Spider:4 | Killed Donald
 59279 | Spider:4 | Received a gift from Okawaru
 59550 | Spider:4 | Received a gift from Okawaru
 59646 | Spider:4 | Identified the -7 centaur barding "Luomnu" {rF- rN++ Dex+7}
                  | (Okawaru gifted it to you on level 1 of the Spider Nest)
 59715 | Spider:4 | Reached skill level 10 in Evocations
 59974 | Spider:4 | Received a gift from Okawaru
 60292 | Spider:4 | Paralysed by a hornet for 2 turns
 60298 | Spider:4 | Paralysed by a hornet for 3 turns
 60536 | Spider:4 | Paralysed by a hornet for 3 turns
 60601 | Spider:4 | Reached XP level 18. HP: 179/179 MP: 25/25
 61058 | Spider:4 | Got a gossamer rune of Zot
 62080 | Vaults:1 | Entered Level 1 of the Vaults
 62438 | Vaults:1 | Noticed a lich
 62445 | Vaults:1 | Killed a lich
 62445 | Vaults:1 | Received a gift from Okawaru
 62451 | Vaults:1 | Got a faintly humming helmet {god gift}
 62462 | Vaults:1 | Identified the +1 helmet "Rirat" {Str+8} (Okawaru gifted it
                  | to you on level 1 of the Vaults)
 62595 | Vaults:1 | Learned a level 2 spell: Shroud of Golubria
 63933 | Vaults:1 | Cast into level 3 of the Abyss (a deep elf sorcerer)
 64025 | Abyss:3  | Got a bloodstained crystal plate armour
 64031 | Abyss:3  | Noticed a tentacled monstrosity
 64270 | Abyss:3  | Noticed a Hell Sentinel
 64375 | Abyss:3  | Received a gift from Okawaru
 64379 | Abyss:3  | Got an ichor-stained scale mail {god gift}
 64560 | Abyss:3  | Found an opulent altar of Gozag.
 64640 | Vaults:1 | Escaped the Abyss
 64796 | Vaults:1 | Identified the +0 scale mail of Vainat Ysan {rC+ MP+9}
                  | (Okawaru gifted it to you on level 3 of the Abyss)
 64807 | Vaults:1 | Identified the cursed +1 crystal plate armour of Qak Teukk
                  | {Dex+2} (You found it on level 3 of the Abyss)
 64842 | Vaults:1 | Reached skill level 10 in Staves
 64842 | Vaults:1 | Reached skill level 10 in Armour
 64996 | Vaults:1 | Reached XP level 19. HP: 189/189 MP: 28/28
 65848 | Vaults:2 | Noticed Frederick
 65857 | Vaults:2 | Killed Frederick
 66259 | Vaults:2 | Received a gift from Okawaru
 66457 | Vaults:2 | Found a staircase to the Crypt.
 66457 | Vaults:2 | Found an ancient bone altar of Kikubaaqudgha.
 66458 | Vaults:2 | Found a basalt altar of Yredelemnul.
 66681 | Vaults:2 | Received a gift from Okawaru
 67044 | Vaults:2 | Noticed Sojobo
 68381 | Vaults:3 | Received a gift from Okawaru
 69136 | Vaults:4 | Noticed Xtahua
 69141 | Vaults:4 | Paralysed by Xtahua for 7 turns
 69151 | Vaults:4 | Killed Xtahua
 69151 | Vaults:4 | Reached XP level 20. HP: 164/202 MP: 29/29
 70470 | Vaults:4 | Received a gift from Okawaru
 70781 | Vaults:4 | Received a gift from Okawaru
 70808 | Vaults:4 | Identified a scroll of acquirement
 70808 | Vaults:4 | Identified the +3 bardiche of Runaufu Qate {holy, +Fly
                  | rElec rPois} (You acquired it on level 4 of the Vaults)
 70812 | Vaults:4 | Got an ichor-stained shortbow {god gift}
 70813 | Vaults:4 | Identified the +9 shortbow "Astriplidus" {freeze, Stlth+}
                  | (Okawaru gifted it to you on level 4 of the Vaults)
 70982 | Vaults:4 | Found Joaliam's Book Shop.
 71438 | D:11     | You paid a toll of +2 fire dragon scales to enter a
                  | treasure trove
 71439 | Trove    | Entered a treasure trove
 71443 | Trove    | Found the +3 warlock's mirror {reflect}
 71443 | Trove    | Found the +0 pair of fencer's gloves {Riposte Dex+3}
 71445 | Trove    | Found the +2 hat of the Bear Spirit {Spirit, +Rage rN+
                  | MR++}
 71450 | Trove    | Got a faintly humming hat
 71461 | Trove    | Identified the +2 hat "Yxtecaij" {rPois MR- Int+4 Dex+2}
                  | (You found it in a treasure trove)
 71477 | Trove    | Got a slimy centaur barding
 71488 | Trove    | Identified the +3 centaur barding "Bitziud" {MR+ Int+9
                  | Dex+4 Slay-6} (You found it in a treasure trove)
 71510 | Trove    | Got a polished hat
 71516 | Trove    | Identified the +1 hat of the Valley of Death {rF+ rCorr
                  | Dex+3} (You found it in a treasure trove)
 71600 | Trove    | Got an ichor-stained centaur barding
 71606 | Trove    | Identified the +1 centaur barding of Wasted Space {rC+}
                  | (You found it in a treasure trove)
 71675 | Trove    | Got a smoking buckler
 71685 | Trove    | Identified the +2 buckler of the Imp {Dex+3} (You found it
                  | in a treasure trove)
 71797 | Elf:1    | Entered Level 1 of the Elven Halls
 72470 | Elf:1    | Received a gift from Okawaru
 72742 | Elf:1    | Identified the Tome of Conjuration
 72814 | Elf:1    | Found a roughly hewn altar of Beogh.
 73274 | Elf:1    | Identified the Catalogue of the Insatiable Dreams
 73821 | Elf:2    | Found a huge runed translucent gate.
 73821 | Elf:2    | Found a huge runed translucent gate.
 73821 | Elf:2    | Found a huge runed translucent gate.
 73821 | Elf:2    | Found a huge runed translucent gate.
 73826 | Elf:2    | Found a huge runed translucent gate.
 74973 | Elf:2    | Reached skill level 5 in Dodging
 75079 | Elf:2    | Noticed Louise
 75086 | Elf:2    | Received a gift from Okawaru
 75089 | Elf:2    | Gained mutation: Scrolls take you a little longer to read.
                  | [a neqoxec]
 75112 | Elf:2    | Killed Louise
 75178 | Elf:2    | Reached XP level 21. HP: 199/214 MP: 27/30
 75772 | Elf:2    | Identified the Collected Works on Transformation
 75815 | Elf:3    | Entered Level 3 of the Elven Halls
 75858 | Elf:3    | Found a magical portal.
 75889 | WizLab   | Entered Cigotuvi's Fleshworks
 76090 | WizLab   | Received a gift from Okawaru
 76458 | WizLab   | Paralysed by a floating eye for 2 turns
 76627 | WizLab   | Found the -2 hat of the Alchemist {rElec rPois rF+ rC+ rN+
                  | MR+ rMut rCorr}
 76670 | WizLab   | Received a gift from Okawaru
 77032 | WizLab   | Got a pair of spiked gloves {god gift}
 77043 | WizLab   | Identified the +2 pair of gloves of Death Resistance
                  | {+Blink MP+9 Int-4 Dex+3} (Okawaru gifted it to you in a
                  | wizard's laboratory)
 77066 | WizLab   | Identified the Compendium of the Bouncing Tables
 77076 | WizLab   | Identified Sif Muna's Disquisition on Shape Shifting
 77081 | WizLab   | Identified Cigotuvi's Grimoire of Changing and Necromancy
 77518 | Elf:2    | Lost mutation: Your flesh is heat resistant. (rF+) [potion
                  | of mutation]
 77518 | Elf:2    | Lost mutation: Scrolls take you a little longer to read.
                  | [potion of mutation]
 77518 | Elf:2    | Gained mutation: You tend to lose your temper in combat.
                  | [potion of mutation]
 77518 | Elf:2    | Gained mutation: You are resistant to hostile enchantments.
                  | (MR+) [potion of mutation]
 77519 | Elf:2    | Lost mutation: You have sharp fingernails. [potion of
                  | mutation]
 77519 | Elf:2    | Lost mutation: You are robust. (+10% HP) [potion of
                  | mutation]
 77519 | Elf:2    | Lost mutation: You tend to lose your temper in combat.
                  | [potion of mutation]
 77519 | Elf:2    | Lost mutation: You are resistant to hostile enchantments.
                  | (MR+) [potion of mutation]
 77519 | Elf:2    | Gained mutation: Your flesh is heat resistant. (rF+)
                  | [potion of mutation]
 77519 | Elf:2    | Gained mutation: You are clumsy. (Dex -2) [potion of
                  | mutation]
 77519 | Elf:2    | Gained mutation: You expend magic power (3 MP) to
                  | strengthen your wands. [potion of mutation]
 77520 | Elf:2    | Lost mutation: You are clumsy. (Dex -2) [potion of
                  | mutation]
 77520 | Elf:2    | Lost mutation: You expend magic power (3 MP) to strengthen
                  | your wands. [potion of mutation]
 77520 | Elf:2    | Gained mutation: Your magical capacity is low. (-10% MP)
                  | [potion of mutation]
 77520 | Elf:2    | Gained mutation: Your flesh is cold resistant. (rC+)
                  | [potion of mutation]
 77521 | Elf:2    | Lost mutation: Your flesh is cold resistant. (rC+) [potion
                  | of mutation]
 77521 | Elf:2    | Lost mutation: Your magical capacity is low. (-10% MP)
                  | [potion of mutation]
 77521 | Elf:2    | Gained mutation: You are clumsy. (Dex -2) [potion of
                  | mutation]
 77521 | Elf:2    | Gained mutation: You expend magic power (3 MP) to
                  | strengthen your wands. [potion of mutation]
 77521 | Elf:2    | Gained mutation: Your muscles are strong. (Str +2) [potion
                  | of mutation]
 77522 | Elf:2    | Lost mutation: You expend magic power (3 MP) to strengthen
                  | your wands. [potion of mutation]
 77522 | Elf:2    | Lost mutation: You are clumsy. (Dex -2) [potion of
                  | mutation]
 77522 | Elf:2    | Lost mutation: Your muscles are strong. (Str +2) [potion of
                  | mutation]
 77522 | Elf:2    | Lost mutation: Your flesh is heat resistant. (rF+) [potion
                  | of mutation]
 77522 | Elf:2    | Gained mutation: You expend magic power (3 MP) to
                  | strengthen your wands. [potion of mutation]
 77522 | Elf:2    | Gained mutation: Your magical capacity is low. (-10% MP)
                  | [potion of mutation]
 77522 | Elf:2    | Gained mutation: You can translocate small distances at
                  | will. [potion of mutation]
 77725 | Elf:3    | Found a shimmering blue altar of Sif Muna.
 78185 | Elf:3    | Got a smoking cloak
 78196 | Elf:3    | Identified the +0 cloak of the Amoeba {Str+4 Dex+10} (You
                  | found it on level 3 of the Elven Halls)
 79211 | Elf:3    | Identified the +8 morningstar of Compassion {vorpal, MP+9
                  | Int+2}
 79330 | Elf:3    | Identified the ring "Juquosugy" {MR+ MP-9 Str+3 Int+6 SInv}
 79690 | Elf:3    | Received a gift from Okawaru
 79912 | Elf:3    | Got transparent quicksilver dragon scales
 79923 | Elf:3    | Identified the quicksilver dragon scales of Recklessness
                  | {rC++ MR+} (You found it on level 3 of the Elven Halls)
 80106 | Elf:3    | Got a jewelled longbow
 80107 | Elf:3    | Identified the cursed +2 longbow "Faplis" {freeze, Int+4}
                  | (You found it on level 3 of the Elven Halls)
 80663 | Depths:1 | Entered Level 1 of the Depths
 80896 | Depths:1 | Found Vihyno's Gadget Shoppe.
 80937 | Depths:1 | Found Tima's Book Shoppe.
 80944 | Depths:1 | Bought a book of the Warp for 1260 gold pieces
 80948 | Depths:1 | Learned a level 3 spell: Portal Projectile
 81047 | Depths:1 | Reached skill level 1 in Translocations
 81049 | Depths:1 | Received a gift from Okawaru
 81295 | Depths:1 | Found Hiturgh's Book Emporium.
 81617 | Depths:1 | Reached XP level 22. HP: 205/205 MP: 20/29
 81662 | Depths:1 | Found a one-way gate to the infinite horrors of the Abyss.
 81717 | Depths:1 | Found a gateway to Hell.
 81869 | Depths:1 | Received a gift from Okawaru
 83275 | Depths:2 | Found Gozag's Assorted Antiques.
 83297 | Depths:2 | Found an opulent altar of Gozag.
 83297 | Depths:2 | Noticed a golden dragon
 83300 | Depths:2 | Found Gozag's Assorted Antiques.
 83471 | Depths:2 | Found Gozag's Assorted Antiques.
 83499 | Depths:2 | Killed a golden dragon
 83758 | Depths:2 | Found Yzyf's Magic Scroll Shoppe.
 83763 | Depths:2 | Bought a scroll of teleportation for 48 gold pieces
 83763 | Depths:2 | Bought a scroll of identify for 32 gold pieces
 83763 | Depths:2 | Bought a scroll of identify for 32 gold pieces
 83763 | Depths:2 | Bought a scroll of blinking for 120 gold pieces
 83875 | Depths:2 | Reached skill level 21 in Bows
 83998 | Depths:2 | Noticed Nikola
 84008 | Depths:2 | Killed Nikola
 84313 | Depths:2 | Bought a translucent scale mail for 900 gold pieces
 84313 | Depths:2 | Identified the +1 scale mail of the Pirate {Int+2} (You
                  | bought it in a shop on level 2 of the Depths)
 84366 | Depths:3 | Found a one-way gate leading to the halls of Pandemonium.
 84383 | Depths:3 | Reached skill level 5 in Translocations
 84393 | Depths:3 | Received a gift from Okawaru
 84559 | Depths:3 | Identified the +3 dire flail of the Sea {freeze, rF++ rC+
                  | Stlth-}
 84955 | Depths:3 | Identified Tinut's Guide on Lightness
 85064 | Depths:3 | Found Cioraxzy's Antique Weapon Shoppe.
 85096 | Depths:3 | Received a gift from Okawaru
 85102 | Depths:3 | Identified the +5 ring mail "Kiethroj" {-Cast Int+5 Dex+5}
                  | (Okawaru gifted it to you on level 3 of the Depths)
 85172 | Depths:3 | Found a gateway to a ziggurat.
 85717 | Depths:4 | Reached XP level 23. HP: 198/213 MP: 19/30
 85764 | Depths:4 | Found Umen Pai's Magic Scroll Shop.
 85777 | Depths:4 | Reached skill level 10 in Dodging
 85790 | Depths:4 | Bought a scroll of summoning for 199 gold pieces
 85790 | Depths:4 | Bought 3 scrolls of blinking for 472 gold pieces
 85790 | Depths:4 | Bought a scroll of enchant armour for 157 gold pieces
 85790 | Depths:4 | Bought a scroll of enchant weapon for 157 gold pieces
 85790 | Depths:4 | Bought a scroll of teleportation for 63 gold pieces
 85790 | Depths:4 | Bought a scroll of fog for 42 gold pieces
 85790 | Depths:4 | Bought a scroll of enchant armour for 157 gold pieces
 86445 | Depths:4 | Noticed a caustic shrike
 86462 | Depths:4 | Killed a caustic shrike
 86873 | Depths:4 | Received a gift from Okawaru
 87465 | Depths:4 | Reached skill level 15 in Staves
 87799 | Depths:5 | Entered Level 5 of the Depths
 87930 | Depths:5 | Found a gate to the Realm of Zot.
 88989 | Slime:1  | Entered Level 1 of the Pits of Slime
 89053 | Slime:2  | Received a gift from Okawaru
 89167 | Slime:5  | Entered Level 5 of the Pits of Slime
 89777 | Slime:4  | Gained mutation: You occasionally shout uncontrollably at
                  | your foes. [a shining eye]
 89868 | Slime:5  | Reached XP level 24. HP: 192/223 MP: 30/30
 90755 | Slime:5  | Noticed the Royal Jelly
 90879 | Slime:5  | Killed the Royal Jelly
 90879 | Slime:5  | Received a gift from Okawaru
 90912 | Slime:5  | Reached skill level 22 in Bows
 91144 | Slime:5  | Found the +2 Maxwell's thermic engine {flame, freeze}
 91171 | Slime:5  | Found the +0 staff of Battle
 91183 | Slime:5  | Got a scorched platinum ring
 91185 | Slime:5  | Identified the ring of Kazemu {Wiz +Inv rF+ Str-2} (You
                  | found it on level 5 of the Pits of Slime)
 91219 | Slime:5  | Got a slimy rune of Zot
 91306 | Slime:5  | Identified the Collected Works on Arcane Weapons
 91823 | Vaults:2 | Killed Sojobo
 92170 | Vaults:5 | Entered Level 5 of the Vaults
 92173 | Vaults:5 | Reached skill level 10 in Translocations
 92668 | Vaults:4 | Received a gift from Okawaru
 93106 | Vaults:5 | Received a gift from Okawaru
 93799 | Vaults:5 | Reached XP level 25. HP: 207/232 MP: 30/30
 93921 | Vaults:5 | Received a gift from Okawaru
 94076 | Vaults:5 | Received a gift from Okawaru
 94278 | Vaults:5 | Identified the +5 ring mail of the Orb {Str+2 Dex+3}
                  | (Okawaru gifted it to you on level 5 of the Vaults)
 94657 | Vaults:5 | Got a silver rune of Zot
 95201 | Vaults:5 | Reached skill level 5 in Spellcasting
 95613 | Vaults:5 | Identified the Tome of Lethal Moulding
 96015 | Zot:1    | Entered Level 1 of the Realm of Zot
 96270 | Zot:1    | Reached skill level 23 in Bows
 96527 | Zot:1    | Received a gift from Okawaru
 97167 | Zot:1    | Received a gift from Okawaru
 97836 | Zot:2    | Received a gift from Okawaru
 98018 | Zot:2    | Reached XP level 26. HP: 208/242 MP: 30/30
 98994 | Zot:2    | Noticed an orb of fire
 99011 | Zot:2    | Killed an orb of fire
 99797 | Zot:3    | Noticed Cej Huinwo's ghost (master VSFi)
 99807 | Zot:3    | Found a transporter.
 99828 | Zot:3    | Found a transporter.
100136 | Zot:3    | Received a gift from Okawaru
100637 | Zot:3    | Received a gift from Okawaru
103006 | Zot:4    | Received a gift from Okawaru
103245 | Zot:4    | Noticed an ancient lich
103262 | Zot:4    | Killed an ancient lich
103262 | Zot:4    | Reached skill level 24 in Bows
103307 | Zot:4    | Identified Fonogam's Collected Works on Malediction
103549 | Zot:5    | Entered Level 5 of the Realm of Zot
103558 | Zot:5    | Reached skill level 10 in Spellcasting
103912 | Zot:5    | Reached XP level 27. HP: 230/251 MP: 33/33
103974 | Zot:5    | Identified the +4 dragonskin cloak
103974 | Zot:5    | Noticed Tiamat
104452 | Zot:5    | Killed Tiamat
105041 | Zot:5    | Received a gift from Okawaru
106255 | Zot:5    | Noticed an orb of fire
106269 | Zot:5    | Killed an orb of fire
106274 | Zot:5    | Noticed an orb of fire
106284 | Zot:5    | Killed an orb of fire
106284 | Zot:5    | Received a gift from Okawaru
106308 | Zot:5    | Noticed an ancient lich
106318 | Zot:5    | Killed an ancient lich
106764 | Zot:5    | Gained mutation: Your spells are a little easier to cast,
                  | but a little less powerful. [mutagenic glow]
106768 | Zot:5    | Reached skill level 25 in Bows
106771 | Zot:5    | Noticed an ancient lich
106794 | Zot:5    | Killed an ancient lich
106810 | Zot:5    | Received a gift from Okawaru
106839 | Zot:5    | Gained mutation: You are clumsy. (Dex -2) [mutagenic glow]
106889 | Zot:4    | Gained mutation: You are frail. (-10% HP) [mutagenic glow]
106993 | Zot:5    | Identified the +11 glaive "Lafiawn" {vorpal, *Drain rN+++
                  | Str+3 Dex+3} (Okawaru gifted it to you on level 5 of the
                  | Realm of Zot)
107033 | Zot:5    | Noticed an ancient lich
107190 | Zot:5    | Noticed an orb of fire
107210 | Zot:5    | Killed an orb of fire
107416 | Zot:5    | Noticed an ancient lich
107693 | Zot:5    | Killed an ancient lich
107822 | Zot:5    | Killed an ancient lich
107822 | Zot:5    | Reached skill level 15 in Translocations
108081 | Zot:5    | Received a gift from Okawaru
108382 | Zot:5    | Reached skill level 15 in Armour
108508 | Zot:5    | Received a gift from Okawaru
108564 | Zot:5    | Received a gift from Okawaru
108907 | Zot:3    | Slain by a shard shrike

Levels and vault maps discovered:
D:1:      tarquinn_simple_flora_water_b, layout_loops_ring
D:2:      layout_basic, first_ration
D:3:      layout_rooms, portal_sewer_entry_a, serial_corexii_hall,
          corexii_hall_statues_l, corexii_hall_statues_x, uniq_robin,
          uniq_terence, uniq_crazy_yiuf_cottage
D:4:      layout_cave_pods, grunt_temple_overflow_bloody_war,
          minmay_temple_entry_mini_moons, serial_shops, shop, shop, shop,
          nicolae_shop_statue_plus, shop, uniq_edmund
D:5:      layout_basic, hangedman_abyss_or_decor_stabs
D:6:      layout_rooms, dancing_weapons_uskayaw, hangedman_decor_riveting,
          uniq_maggie, uniq_duvessa
D:7:      layout_loops_corners
D:8:      layout_basic, lair_entry_dummy, special_room [special_room_orc],
          uniq_maurice
D:9:      minmay_thinvault, layout_cave_pools, tso_metal_star, grunt_ogre_cave
D:10:     layout_cross, uniq_psyche
D:11:     minmay_inner_zag, layout_small_grid, david_orc_3,
          nicolae_trove_entry_free_sample, minmay_stone_trees_medium,
          uniq_josephine
D:12:     evilmike_horseshoe, layout_cave_pods, serial_shops, shop_fountains
D:13:     layout_gridville, david_vaults_1
D:14:     layout_loops_ring
D:15:     grunt_enter_depths_hoard, layout_gridville, roderic_lattice_a,
          ebering_ghost_reflecting_pool, serial_shops,
          nicolae_shop_competitors_out_of_business, basic_altar,
          nicolae_sextant, roderic_serpentine_path, uniq_kirke
Temple:   compressed_dpeg_circular_temple
Lair:1:   layout_roguey, basic_altar, infiniplex_staircase_pool
Lair:2:   lemuel_reptile_caves, layout_chaotic_city, swamp_mist,
          nicolae_volcano_entry_lava_flow
Lair:3:   layout_cave_shapes, kennysheep_basilisk_garden,
          infiniplex_staircase_pool_2, uniq_sonja
Lair:4:   layout_long_grid, nicolae_spider_entry_non_spiders
Lair:5:   layout_concentric_octagons, dpeg_slime_entry_corner
Lair:6:   minmay_lair_end_enchanted_forest, layout_regular_city,
          minmay_lair_oklob_chamber
Swamp:1:  layout_falls_marsh, evilmike_swamp_ruin_house_5
Swamp:2:  layout_basic_swamp, evilmike_swamp_ruin_house_4, swamp_pool3
Swamp:3:  layout_basic_swamp, evilmike_swamp_ruin_house_1, swamp_pool2,
          nicolae_swamp_treefoil
Swamp:4:  swamp_icy, layout_basic_swamp
Spider:1: layout_spider_delve
Spider:2: spiders_nest_scorpion_pit, gammafunk_ghost_necromancy
Spider:3: layout_spider_delve, hangedman_spider_tarantella_strand
Spider:4: guppyfry_spider_rune, minivault_29, uniq_donald
Slime:1:  layout_caves
Slime:2:  layout_caves
Slime:3:  cheibrodos_slime_lost_civilization_3, layout_caves
Slime:4:  layout_caves
Slime:5
Orc:1:    layout_diamond_mine, elves_outpost_lemuel
Orc:2:    grunt_orc_gardens, layout_caves, grunt_orc_garden, grunt_orc_garden,
          grunt_orc_garden, grunt_orc_garden, nicolae_orc_pool_cavern,
          nicolae_orc_crystal_geode
Elf:1:    elf_arrival_001, layout_geoelf_diagonals, special_room
          [special_room_orc], minmay_elf_annihilation,
          wad_floor_pattern_untrapped, minmay_elf_necromancy
Elf:2:    layout_loops_corners, hangedman_research_metamorphosis, uniq_louise
Elf:3:    minmay_elf_hall_statues, layout_loops_corners,
          infiniplex_enter_wizlab_glasses, basic_altar,
          minmay_checkered_concentric_circles
Vaults:1: nicolae_vaults_quadrants, v_rooms_3, vaults_mumra_hex, v_misc_8,
          v_rooms_4, nicolae_vaults_diagonal_hallway_8, v_misc_17,
          vaults_mumra_minichess_inversion, nicolae_vaults_network_s, v_misc_14,
          layout_vaults_big_cross
Vaults:2: v_rooms_4, nicolae_vaults_mini_display_case, v_misc_5, v_pattern_4,
          hangedman_vaults_restitches, minmay_crypt_entry_necro_gods, v_misc_28,
          vaults_room_large_hall, layout_vaults_quadrants, uniq_frederick,
          uniq_sojobo
Vaults:3: nicolae_vaults_big_ls, vaults_dpeg_spiral, hangedman_vaults_maws,
          ontoclasm_vaults_twist, v_misc_19, nicolae_vaults_little_squares_6,
          nicolae_vaults_alarming, v_pattern_1,
          vaults_standard_mumra_enter_the_diamond, hangedman_vaults_cutoff,
          ontoclasm_vaults_ring_large, nicolae_vaults_theta,
          layout_vaults_omnibox
Vaults:4: hangedman_vaults_corner, v_misc_19, v_misc_14, hangedman_vaults_trim,
          nicolae_vaults_rhombus_5, ontoclasm_vaults_ligature,
          vaults_room_stairs_pillars, hangedman_vaults_unwind,
          dpeg_vaults_monster_box, nicolae_vaults_octagons,
          nicolae_vaults_three_branches, nicolae_vaults_diagonal_hallway_6,
          hangedman_vaults_variations, ontoclasm_vaults_shuriken,
          vaults_room_pool, nicolae_vaults_circle_grid_a,
          nicolae_vaults_little_squares_2, layout_vaults_maze_bifur,
          serial_shops, nicolae_shop_window_shopping, uniq_xtahua
Vaults:5
Depths:1: layout_honeycomb, serial_shops, nicolae_shop_stone, shop_statue, shop,
          hangedman_coc_ice_floe, abyss_entry, dk_noncrumbling_3,
          minmay_door_square, minmay_misc_feat_enclosed, nooodl_orcs_dogs
Depths:2: kennysheep_gozag_temple, layout_basic, hell_entry, abyss_entry,
          chequers_serial_rivers_small_3, serial_shops, kennysheep_mini,
          uniq_nikola
Depths:3: minmay_tri_stars, layout_cave_pools, enter_ziggurat_e, pan_entry,
          grunt_mini_vestibule, chequers_serial_rivers_micro_c, serial_shops,
          shop, infiniplex_staircase_x
Depths:4: hangedman_stitches_corridor, layout_gridville, serial_shops,
          shop_statue, hangedman_decor_opposing, minmay_room_of_horrors,
          hell_entry
Depths:5: grunt_zot_entry_tricorne, layout_gridville, grunt_hell_entry_dis_mu,
          infiniplex_staircase_pool_lava
Zot:1:    layout_misc_corridors, st_stairs_1, hangedman_snake_sidewinding
Zot:2:    layout_gridlike
Zot:3:    layout_basic, gammafunk_ghost_berserking_beasts,
          st_small_dragon_hoard_4
Zot:4:    layout_basic, lemuel_lich_library
Zot:5:    layout_cathedral_of_symmetry, grunt_ministairs_4, uniq_tiamat

Skill      XL: |  1  2  3  4  5  6  7  8  9 10 11 12 13 14 15 16 17 18 19 20 21 22 23 24 25 26 27 |
---------------+----------------------------------------------------------------------------------+-----
Bows           | 6 7 8 9 10 11 12 13 15 17 19 20 21 22 23 24 25 | 25.7
Fighting       | 3 4 5 6 7 8 9 10 11 13 14 15 17 18 19 20 21 22 | 22.6
Polearms       | 1 2 3 5 6 8 9 11 12 13 14 | 14.0
Armour         | 1 3 4 5 7 8 9 10 11 12 13 15 | 15.0
Spellcasting   | 1 2 7 10 | 10.8
Invocations    | 2 7 8 |  8.0
Evocations     | 3 5 8 10 12 13 14 | 14.0
Staves         | 3 7 10 11 14 15 16 | 16.6
Dodging        | 5 8 9 11 12 | 12.2
Translocations | 1 6 9 11 12 13 15 | 15.3
Stealth        | |  0.4

Action                   |  1- 3 |  4- 6 |  7- 9 | 10-12 | 13-15 | 16-18 | 19-21 | 22-24 | 25-27 || total
-------------------------+-------+-------+-------+-------+-------+-------+-------+-------+-------++-------
Melee: Short sword       |    80 |       |       |       |       |       |       |       |       ||    80
       Kick              |    17 |    35 |    85 |   217 |   220 |   451 |   186 |   197 |   229 ||  1637
       Mace              |    16 |    12 |       |       |       |       |       |       |       ||    28
       Trident           |       |   180 |   362 |   789 |   476 |       |       |       |       ||  1807
       Scimitar          |       |       |    19 |       |       |       |       |       |       ||    19
       Unarmed           |       |       |     4 |       |       |       |       |       |       ||     4
       Punch             |       |       |       |     1 |       |       |       |       |       ||     1
       War axe           |       |       |       |       |    92 |   116 |       |       |       ||   208
       Great mace        |       |       |       |       |     2 |       |       |       |       ||     2
       Lajatang          |       |       |       |       |       |   888 |   342 |   309 |   374 ||  1913
       Bardiche          |       |       |       |       |       |       |    19 |       |       ||    19
 Fire: Shortbow          |    26 |    76 |   123 |   375 |       |       |   285 |       |       ||   885
       Longbow           |       |       |       |   161 |  1156 |   751 |   915 |  1139 |  1192 ||  5314
 Cast: Portal Projectile |       |       |       |       |       |       |       |       |     5 ||     5
       Shroud of Golubri |       |       |       |       |       |       |       |       |     3 ||     3
Invok: Heroism           |       |       |     6 |    15 |     4 |     5 |     2 |     3 |     7 ||    42
       Finesse           |       |       |       |     1 |       |     6 |       |     1 |     8 ||    16
 Abil: Evoke Invisibilit |       |       |       |       |       |     1 |     1 |       |       ||     2
       Blink             |       |       |       |       |       |       |     1 |       |     2 ||     3
Evoke: Wand              |       |       |       |     2 |       |       |     1 |     2 |       ||     5
  Use: Scroll            |     4 |     2 |     4 |    11 |    14 |     7 |    14 |    22 |    10 ||    88
       Potion            |       |     2 |     2 |     7 |     4 |     3 |     5 |     2 |     4 ||    29
 Stab: Distracted        |       |     1 |       |       |       |       |       |       |       ||     1
       Confused          |       |       |       |     2 |       |       |       |       |       ||     2
       Invisible         |       |       |       |       |       |     5 |     2 |       |       ||     7
  Eat: Chunk             |     1 |     8 |    21 |    33 |    48 |    23 |    29 |    17 |    32 ||   212
       Ration            |       |       |     1 |     5 |     1 |     7 |     4 |     4 |     2 ||    24
Armor: Leather armour    |    28 |     5 |    25 |       |       |       |       |       |       ||    58
       Ring mail         |    23 |    84 |    80 |   191 |       |       |       |       |       ||   378
       Chain mail        |       |       |       |   114 |   648 |  1078 |   305 |   105 |       ||  2250
       Ice dragon scales |       |       |       |       |       |    29 |       |       |       ||    29
       Gold dragon scale |       |       |       |       |       |       |       |   207 |   352 ||   559
Dodge: Dodged            |    50 |    68 |   101 |   259 |   255 |   561 |   182 |   221 |   223 ||  1920
Block: Other             |       |       |       |       |    59 |    62 |    65 |    64 |    52 ||   302
       Reflection        |       |       |       |       |    11 |     7 |    18 |     7 |     1 ||    44
       Rpst.: Scimitar   |       |       |     2 |       |       |       |       |       |       ||     2

Table legend:
 A = Non-vault XP
 B = Vault XP
 C = Vault XP percentage of total XP
 D = Non-vault monster count
 E = Vault monster count
 F = Vault count percentage of total count
                 A         B        C        D         E       F
            +---------+---------+-------+---------+---------+-------
      Total |  880254 |  886546 |  50.2 |    1628 |    1078 |  39.8
            +---------+---------+-------+---------+---------+-------
        D:1 |      40 |       0 |   0.0 |      21 |       0 |   0.0
        D:2 |      75 |       8 |   9.6 |      21 |       4 |  16.0
        D:3 |     115 |     285 |  71.2 |      22 |      14 |  38.9
        D:4 |     367 |       3 |   0.8 |      17 |       1 |   5.6
        D:5 |     963 |     138 |  12.5 |      34 |       1 |   2.9
        D:6 |     371 |     458 |  55.2 |      13 |       2 |  13.3
        D:7 |    1132 |       0 |   0.0 |      25 |       0 |   0.0
        D:8 |    2005 |     532 |  21.0 |      35 |      25 |  41.7
        D:9 |    1656 |    1524 |  47.9 |      35 |      15 |  30.0
       D:10 |    1692 |    1269 |  42.9 |      17 |       5 |  22.7
       D:11 |    2914 |    1892 |  39.4 |      28 |      12 |  30.0
       D:12 |    3585 |    5052 |  58.5 |      19 |      10 |  34.5
       D:13 |    3670 |    1265 |  25.6 |      17 |       3 |  15.0
       D:14 |    6837 |       0 |   0.0 |      26 |       0 |   0.0
       D:15 |   14499 |    6391 |  30.6 |      42 |       7 |  14.3
     Lair:1 |    1964 |       0 |   0.0 |       9 |       0 |   0.0
     Lair:2 |    5716 |    1258 |  18.0 |      24 |      34 |  58.6
     Lair:3 |    6564 |    1784 |  21.4 |      17 |       6 |  26.1
     Lair:4 |    5678 |     178 |   3.0 |      12 |       8 |  40.0
     Lair:5 |    5406 |    3166 |  36.9 |      26 |      16 |  38.1
     Lair:6 |   13807 |    9793 |  41.5 |      53 |      42 |  44.2
    Swamp:1 |   13509 |       0 |   0.0 |      32 |       0 |   0.0
    Swamp:2 |    4159 |       0 |   0.0 |      11 |       0 |   0.0
    Swamp:3 |   12423 |       0 |   0.0 |      33 |       0 |   0.0
    Swamp:4 |   11473 |    6082 |  34.6 |      32 |      31 |  49.2
   Spider:1 |   28315 |       0 |   0.0 |      92 |       0 |   0.0
   Spider:2 |   11190 |   11195 |  50.0 |      32 |      29 |  47.5
   Spider:3 |   19288 |    2732 |  12.4 |      48 |       5 |   9.4
   Spider:4 |   14367 |   31838 |  68.9 |      31 |      83 |  72.8
    Slime:1 |    2888 |       0 |   0.0 |       5 |       0 |   0.0
    Slime:2 |    1042 |       0 |   0.0 |       4 |       0 |   0.0
    Slime:3 |    5580 |       0 |   0.0 |      11 |       0 |   0.0
    Slime:4 |   17131 |       0 |   0.0 |      21 |       0 |   0.0
    Slime:5 |   17400 |   31154 |  64.2 |      29 |      15 |  34.1
      Orc:1 |    1682 |    6451 |  79.3 |      33 |      12 |  26.7
      Orc:2 |    3519 |    8655 |  71.1 |      53 |      25 |  32.1
      Elf:1 |   10405 |   19495 |  65.2 |      17 |      40 |  70.2
      Elf:2 |   10514 |   26169 |  71.3 |      18 |      38 |  67.9
      Elf:3 |   13913 |   46853 |  77.1 |      24 |      36 |  60.0
   Vaults:1 |   12814 |   47531 |  78.8 |      24 |      59 |  71.1
   Vaults:2 |   27687 |   31660 |  53.3 |      41 |      32 |  43.8
   Vaults:3 |   26439 |   10336 |  28.1 |      36 |      23 |  39.0
   Vaults:4 |   26997 |   40874 |  60.2 |      35 |      41 |  53.9
   Vaults:5 |   40466 |  137707 |  77.3 |      55 |      87 |  61.3
   Depths:1 |   45007 |    5003 |  10.0 |      56 |      13 |  18.8
   Depths:2 |   38180 |   15845 |  29.3 |      49 |      10 |  16.9
   Depths:3 |   36069 |   16027 |  30.8 |      48 |      22 |  31.4
   Depths:4 |   33271 |   37969 |  53.3 |      34 |      36 |  51.4
   Depths:5 |   22596 |   24229 |  51.7 |      23 |      16 |  41.0
      Zot:1 |   35161 |   29635 |  45.7 |      20 |      23 |  53.5
      Zot:2 |   58120 |       0 |   0.0 |      32 |       0 |   0.0
      Zot:3 |   56902 |   18715 |  24.7 |      35 |       7 |  16.7
      Zot:4 |   29621 |   38499 |  56.5 |      14 |      21 |  60.0
      Zot:5 |  100390 |  171688 |  63.1 |      57 |      53 |  48.2
    Abyss:3 |   12680 |       0 |   0.0 |      30 |       0 |   0.0
      Sewer |       0 |     186 | 100.0 |       0 |      40 | 100.0
    Volcano |       0 |    5536 | 100.0 |       0 |      21 | 100.0
     WizLab |       0 |   29486 | 100.0 |       0 |      55 | 100.0
            +---------+---------+-------+---------+---------+-------
